 Dungeon Crawl Stone Soup version 0.29-a0-243-g602b31c20e (webtiles) character file.

Game seed: 17071927914920626655

131418 siradein the Lord of Darkness (level 16, -6/127 HPs)
             Began as a Vampire Gladiator on Mar 4, 2022.
             Was the Champion of Kikubaaqudgha.
             Mangled by a thorn hunter (14 damage)
             ... on level 1 of the Swamp.
             The game lasted 02:40:39 (27908 turns).

siradein the Lord of Darkness (Vampire Gladiator)  Turns: 27908, Time: 02:40:40

Health: -6/127     AC: 20    Str: 16    XL:     16   Next: 55%
Magic:  12/40      EV: 17    Int: 28    God:    Kikubaaqudgha [******]
Gold:   408        SH:  5    Dex: 20    Spells: 2/36 levels left

rFire   . . .      SeeInvis +   V - +2 scimitar (flame)
rCold   . . .      Faith    .   a - +1 buckler {rN+}
rNeg    + . .      Spirit   .   A - +4 shadow dragon scales "Ickeboo" {*Corrode rPois Regen+ Dex+3 Stlth++++}
rPois   +          Reflect  .   X - +3 hat of Pondering {ponderous, Will+ MP+10 Int+5}
rElec   .          Harm     .   L - +2 cloak {Will+}
rCorr   .          Rampage  .   p - +2 pair of gloves {Str+3}
Will    +++..                   W - +0 pair of boots {Stlth+}
Stlth   ++++......              l - amulet of magic regeneration
HPRegen 1.31/turn               G - +4 ring of evasion
MPRegen 0.67/turn               y - +6 ring of intelligence

@: corroded, healing quickly, slow
A: alive, fangs 3, see invisible, vampiric 2
a: Exsanguinate, Renounce Religion, Receive Corpses, Torment


You were on level 1 of the Swamp.
You worshipped Kikubaaqudgha.
Kikubaaqudgha was exalted by your worship.
You visited 4 branches of the dungeon, and saw 25 of its levels.
You visited 1 bazaar.
You also visited: Gauntlet and Volcano.

You collected 2670 gold pieces.
You spent 2262 gold pieces at shops.

Inventory:

Hand Weapons
 B - a +0 scimitar of protection
 V - a +2 scimitar of flaming (weapon)
Missiles
 d - 5 throwing nets
Armour
 a - a +1 buckler of positive energy (worn)
 p - a +2 pair of gloves of strength (worn)
 A - the +4 shadow dragon scales "Ickeboo" (worn) {*Corrode rPois Regen+ Dex+3 Stlth++++}
   (You bought it in a shop on level 2 of the Orcish Mines)

   Dex:       It affects your dexterity (+3).
   rPois:     It protects you from poison.
   Regen:     It increases your rate of health regeneration.
   *Corrode:  It may corrode you when you take damage.
   Stlth:     It makes you much more stealthy.
 L - a +2 cloak of willpower (worn)
 W - a +0 pair of boots of stealth (worn)
 X - the +3 hat of Pondering (worn) {ponderous, Will+ MP+10 Int+5}
   (You found it on level 4 of the Lair of Beasts)

   Int:       It affects your intelligence (+5).
   MP:        It affects your magic capacity (+10).
   Will:      It increases your willpower.
Magical Staves
 E - a staff of death
Jewellery
 l - an amulet of magic regeneration (around neck)
 t - a ring of protection from fire
 u - a ring of protection from cold
 w - a +4 ring of protection
 y - a +6 ring of intelligence (right hand)
 G - a +4 ring of evasion (left hand)
Wands
 e - a wand of acid (8)
 o - a wand of mindburst (8)
 J - a wand of iceblast (35)
 N - a wand of polymorph (26)
 O - a wand of digging (10)
 Q - a wand of flame (51)
 R - a wand of charming (4)
 S - a wand of paralysis (7)
Scrolls
 b - 4 scrolls of magic mapping
 c - a scroll of enchant weapon
 f - 4 scrolls of summoning
 h - 10 scrolls of teleportation
 i - 3 scrolls of enchant armour
 s - 10 scrolls of fear
 x - 6 scrolls of amnesia
 C - 3 scrolls of blinking
 H - 2 scrolls of fog
 K - 2 scrolls of holy word
 M - 6 scrolls of identify
 T - 2 scrolls of brand weapon
 Y - a scroll of torment
 Z - 2 scrolls of immolation
Potions
 g - 4 potions of heal wounds
 j - 2 potions of invisibility
 k - 4 potions of mutation
 m - a potion of resistance
 n - 8 potions of haste
 q - 5 potions of brilliance
 v - 4 potions of cancellation
 z - 5 potions of magic
 D - 2 potions of might
 I - 8 potions of curing
 P - 4 potions of flight
Miscellaneous
 r - a tin of tremorstones (2/2)
 F - a box of beasts
 U - a phantom mirror


   Skills:
 + Level 11.8 Fighting
 + Level 12.9 Long Blades
 - Level 1.5 Throwing
 + Level 8.1 Armour
 + Level 14.0 Dodging
 + Level 10.9 Spellcasting
 + Level 8.8 Hexes
 * Level 15.7 Necromancy
 + Level 3.3 Ice Magic


You had 2 spell levels left.
You knew the following spells:

 Your Spells              Type           Power      Damage    Failure   Level
a - Animate Dead          Necr           40%        N/A       1%          4
b - Vampiric Draining     Necr           80%        2d11      1%          3
c - Dispel Undead         Necr           80%        3d26      1%          4
d - Death Channel         Necr           40%        N/A       16%         6
e - Anguish               Hex/Necr       35%        N/A       4%          4
f - Simulacrum            Ice/Necr       31%        N/A       89%         6
g - Haunt                 Necr/Summ      28%        N/A       100%        7

Your spell library contained the following spells:

 Spells                   Type           Power      Damage    Failure   Level
 Animate Skeleton         Necr           100%       N/A       1%          1
 Sublimation of Blood     Necr           80%        N/A       1%          2
 Corpse Rot               Necr/Air       100%       N/A       3%          2
 Ensorcelled Hibernation  Hex/Ice        98%        N/A       8%          2
 Apportation              Tloc           30%        N/A       54%         1
 Sting                    Tmut/Pois      60%        1d6       54%         1
 Summon Small Mammal      Summ           60%        N/A       54%         1
 Blink                    Tloc           30%        N/A       67%         2
 Passwall                 Tmut/Erth      12%        N/A       67%         2
 Poisonous Vapours        Pois/Air       30%        N/A       67%         2
 Static Discharge         Conj/Air       15%        N/A       67%         2
 Wereblood                Tmut           15%        N/A       67%         2
 Agony                    Necr           80%        N/A       2%          5
 Excruciating Wounds      Necr           40%        N/A       2%          5
 Tukima's Dance           Hex            59%        N/A       4%          3
 Lesser Beckoning         Tloc           15%        N/A       88%         3
 Spider Form              Tmut/Pois      15%        N/A       88%         3
 Swiftness                Air            15%        N/A       88%         3
 Silence                  Hex/Air        19%        N/A       96%         5
 Summon Mana Viper        Hex/Summ       39%        N/A       96%         5
 Yara's Violent Unravell  Hex/Tmut       19%        3d9       96%         5
 Olgreb's Toxic Radiance  Pois           15%        N/A       99%         4
 Passage of Golubria      Tloc           15%        N/A       99%         4
 Sticky Flame             Conj/Fire      15%        2d4       99%         4
 Lightning Bolt           Conj/Air       7%         1d20      100%        5
 Manifold Assault         Tloc           15%        N/A       100%        5
 Summon Forest            Summ/Tloc      7%         N/A       100%        5
 Summon Cactus Giant      Summ           7%         N/A       100%        6
 Storm Form               Tmut/Air       7%         N/A       100%        7
 Summon Hydra             Summ           7%         N/A       100%        7
 Infestation              Necr           40%        N/A       100%        8
 Borgnjor's Revivificati  Necr           Unusable   N/A       N/A         8
 Necromutation            Tmut/Necr      Unusable   N/A       N/A         8
 Death's Door             Necr           Unusable   N/A       N/A         9

Dungeon Overview and Level Annotations

Branches:
Dungeon (15/15)            Temple (0/1) D:6            Lair (6/6) D:8
  Swamp (2/4) Lair:2       Spider (0/4) Lair:2        Slime (0/5) Lair:5
    Orc (2/2) D:9             Elf (0/3) Orc:2        Vaults (0/5) D:14
 Depths (0/4) D:15        Volcano (visited)         Gauntlet (visited)

Altars:
Cheibriados
Dithmenos
Elyvilon
Kikubaaqudgha
Makhleb
Nemelex Xobeh
Okawaru
Ru
Trog
Uskayaw
Zin
The Shining One
Jiyva
Lugonu

Shops:
D:4 *   D:5 *   Orc:2 ([=[(

Portals:
Abyss: Lair:6

Annotations:
D:13 Frances
Lair:2 3 runed translucent doors, freelancePsychic's ghost, journeyman DsNe
Lair:4 6 runed translucent doors


Innate Abilities, Weirdness & Mutations

Your natural rate of healing is accelerated.
You have razor-sharp teeth.
You have supernaturally acute eyesight. (SInv)
You are afflicted with vampirism and can become a bat while bloodless.


Message History

You are too injured to fight recklessly!
Unknown command.
The thorn hunter gestures.
The eleionoma hits you but does no damage.
The alligator bites you but does no damage.
You block the alligator's attack.
The thorn hunter hits you but does no damage.
The thorn hunter hits you. The tyrant leech bites you!
The tyrant leech draws strength from your injuries!
Your swamp worm zombie bites the thorn hunter!
You climb upwards.
There is a stone staircase leading down here.
Casting: Animate Dead (mildly dangerous; 1% risk of failure)
Confirm with . or Enter, or press ? or * to list all spells.
Aiming: Vampiric Draining (safe; 1% risk of failure)
Press: ? - help, Shift-Dir - straight line, f - alligator
Aim: an alligator (covering ground quickly)
You draw life force from the alligator!
You feel life coursing into your body.
The eleionoma hits you but does no damage.
You block the alligator's attack. x2
The thorn hunter fires a volley of thorns at you.
The volley of thorns misses you.
The volley of thorns hits the alligator!
The alligator bites you!
The alligator tail-slaps you but does no damage.
Casting: Vampiric Draining (safe; 1% risk of failure)
Confirm with . or Enter, or press ? or * to list all spells.
Aiming: Vampiric Draining (safe; 1% risk of failure)
Press: ? - help, Shift-Dir - straight line, f/p - alligator
Aim: an alligator (heavily wounded, covering ground quickly)
You draw life force from the alligator!
You feel life coursing into your body.
The eleionoma hurls a spray of splinters at you.
The spray of wooden splinters hits you!!!
* * * LOW HITPOINT WARNING * * *
The tyrant leech bites you but does no damage.
The thorn hunter hits you.
* * * LOW HITPOINT WARNING * * *
The thorn hunter hits you!
You die...
Kikubaaqudgha rasps: "You have failed me!
Welcome... death!"

......≈≈.♣.....#....♣♣♣♣♣♣♣♣♣♣.♣♣
.....≈........##.)..♣♣♣≈≈♣ ♣♣≈...
≈♣≈...≈...†....#..≈≈.≈...♣♣♣...≈.
.♣§..≈§..♣.≈≈.##.≈.≈.....♣♣..)≈≈≈
♣.§≈♣♣♣.♣♣♣≈.≈##........≈♣♣.≈≈.[.
≈...♣♣♣♣♣♣♣§..#....≈.♣..≈♣.≈≈≈...
♣♣.♣♣♣≈..♣♣♣♣♣#≈.≈≈≈)♣≈.♣♣.≈≈≈≈.≈
♣♣♣♣ ♣.≈≈≈♣♣≈..tR≈≈≈♣♣♣♣♣♣.§≈≈≈.≈
♣.≈≈≈♣..≈≈≈@....♣ ♣.≈≈≈≈..
♣♣≈...≈≈≈≈w.f...♣♣♣♣♣.≈≈≈≈..
♣♣.≈≈≈≈≈≈§≈≈≈≈..♣♣≈♣♣≈≈≈≈..
♣♣.≈≈≈≈≈≈≈≈≈≈≈≈.≈≈♣≈♣♣.≈≈≈.
♣≈≈≈≈≈≈≈≈≈≈≈≈≈≈.♣♣≈≈≈♣♣≈§..
♣.≈≈≈≈.≈≈≈≈≈≈..≈♣ ≈≈≈≈♣♣♣≈.
♣≈.≈≈≈≈≈≈≈≈≈≈≈♣♣♣ ≈≈≈≈♣.♣.(
♣.≈§≈≈≈.≈≈≈§..♣ ♣≈♣♣♣.≈≈≈
♣.....♣....≈≈≈♣♣♣♣♣♣♣ ♣≈..§


You could see a thorn hunter, an eleionoma, an alligator (swift) and a tyrant
leech.

Vanquished Creatures
  An orc warlord (Orc:1)
  The ghost of Pooter the Severer, a journeyman MiBe of Trog (Orc:1)
  An ironbound preserver (D:14)
  An eleionoma (Swamp:1)
  Nessos (D:15)
  3 bunyips (Swamp:1)
  A minotaur (Gauntlet)
  The ghost of a3don the Magician, a journeyman DrEE of Okawaru (D:10)
  A fire dragon (Volcano)
  Harold (D:11)
  9 hydras
  Fannar (D:11)
  4 boulder beetles
  6 centaur warriors
  A catoblepas (Lair:6)
  An ogre mage (Orc:2)
  2 alligators (Swamp:1)
  9 two-headed ogres
  2 death scarabs (Gauntlet)
  A tengu warrior (D:15)
  3 death yaks (Lair:6)
  2 thrashing horrors (Lair:6)
  2 orc high priests (Orc:1)
  Sonja (D:11)
  A spectral death yak (Gauntlet)
  A goliath frog (Swamp:1)
  A spectral hydra (Gauntlet)
  A bog body (Swamp:1)
  2 necromancers
  The ghost of horus123 the Skirmisher, a novice DsGl (D:5)
  8 ugly things
  A wolf spider zombie (D:15)
  A wizard (D:15)
  7 cyclopes
  An oklob plant (D:10)
  2 orc knights
  4 manticores
  2 orc sorcerers
  A salamander (Volcano)
  Maurice (D:11)
  5 elephants (Lair:3)
  A centaur zombie (D:15)
  Joseph (D:9)
  2 black mambas
  A naga mage (D:15)
  10 cane toads
  A gargoyle (D:10)
  2 unseen horrors
  3 rime drakes
  9 komodo dragons
  An efreet (D:14)
  A tengu conjurer (D:15)
  2 freezing wraiths
  2 kobold demonologists (D:9)
  8 trolls
  3 meliai (D:14)
  2 tarantellas
  A polar bear (Lair:5)
  A wolf spider simulacrum (D:15)
  A queen bee (shapeshifter) (D:13)
  3 tyrant leeches
  The ghost of spaghetti the Shooter, an amateur DsHu of Ru (D:6)
  7 hornets (Swamp:1)
  3 dream sheep (Lair:6)
  10 slime creatures
  12 blink frogs
  A vampire (D:13)
  2 jumping spiders (Lair:4)
  A water elemental (D:15)
  8 spriggans
  2 shadows
  A culicivora (shapeshifter) (Lair:6)
  Grum (D:8)
  A ynoxinul (Lair:6)
  A centaur simulacrum (D:15)
  12 wyverns
  8 basilisks
  4 fire bats (Volcano)
  54 yaks
  4 wraiths
  A redback (Lair:4)
  3 steam dragons (Volcano)
  9 vampire mosquitoes
  2 chaos spawn (Lair:6)
  6 swamp worms
  An acid dragon (D:10)
  3 wargs
  A hell hound (D:15)
  19 water moccasins
  2 black bears
  13 orc warriors
  10 ogres
  A boggart (D:14)
  12 wolves
  7 centaurs
  3 phantoms
  3 kobold brigands
  20 bullfrogs
  2 scorpions
  2 necrophages
  3 wights (D:9)
  10 killer bees
  6 howler monkeys
  8 electric eels
  9 small abominations
  7 hounds
  5 jellies
  11 orc priests
  Crazy Yiuf (D:7)
  3 iguanas
  2 polar bear simulacra (D:10)
  17 orc wizards
  6 hell rats
  3 wolf simulacra (D:10)
  5 yak simulacra (D:10)
  6 adders
  A shadow imp (D:5)
  3 white imps
  An ufetubus (D:6)
  A worm (D:3)
  A dart slug (D:2)
  62 orcs
  6 endoplasms
  A giant cockroach (D:1)
  7 goblins
  6 hobgoblins
  5 jackals (D:1)
  27 kobolds
  5 quokkas
  3 training dummies (Orc:2)
  7 ball pythons (D:1)
  4 bats
  3 frilled lizards
  3 goblin skeletons (D:5)
  2 goblin zombies (D:5)
  A hobgoblin zombie (D:5)
  An orc skeleton (D:5)
  8 rats
  A river rat simulacrum (D:10)
665 creatures vanquished.

Vanquished Creatures (collateral kills)
  A tentacled monstrosity (Swamp:1)
  A quicksilver ooze (Lair:4)
  A bunyip (Swamp:1)
  An eleionoma (Swamp:1)
  2 hydras
  3 ogre magi (Orc:2)
  A death knight (D:10)
  6 two-headed ogres
  A death yak (Lair:6)
  Amaemon (Orc:1)
  A wretched star (Gauntlet)
  3 large abominations (Lair:6)
  A wizard (D:10)
  A cyclops (D:12)
  2 salamanders (Volcano)
  A cane toad (Lair:5)
  A smoke demon (Lair:6)
  A black mamba (shapeshifter) (Lair:6)
  An orange demon (Orc:1)
  A gargoyle (D:12)
  A komodo dragon (Volcano)
  An ancient zyme (Lair:6)
  3 blink frogs
  8 dream sheep (Lair:6)
  3 slime creatures (D:12)
  A wyvern (Volcano)
  A spriggan (Swamp:1)
  6 yaks
  A fire bat (Volcano)
  A basilisk (Lair:6)
  A vampire mosquito (Swamp:1)
  A warg (Orc:2)
  6 orc warriors
  A wolf (Lair:6)
  16 ogres
  A wight (D:10)
  3 small abominations (Lair:6)
  2 orc priests (Orc:2)
  2 orc wizards
  13 orcs
  2 kobolds (D:10)
105 creatures vanquished.

Vanquished Creatures (others)
  5 hydras
  A boulder beetle (D:14)
  A death yak (Lair:6)
  2 two-headed ogres (Orc:2)
  A deep elf pyromancer (D:15)
  A naga mage (D:15)
  A gargoyle (D:12)
  A cane toad (Lair:5)
  A rime drake (D:15)
  A bloated husk (Swamp:1)
  A tyrant leech (Swamp:1)
  A blink frog (Lair:6)
  A yak (Lair:5)
  A fire bat (Volcano)
  An orc warrior (Orc:1)
  9 ogres (Orc:2)
  28 fungi
  119 plants
176 creatures vanquished.

Grand Total: 946 creatures vanquished

Notes
Turn   | Place    | Note
-------+----------+-------------------------------------------
     0 | D:1      | siradein the Vampire Gladiator began the quest for the Orb.
     0 | D:1      | Reached XP level 1. HP: 16/16 MP: 1/1
   498 | D:1      | Reached XP level 2. HP: 22/22 MP: 2/2
   521 | D:1      | Found a faded altar of an unknown god.
   784 | D:1      | Gained mutation: You are afflicted with vampirism and can
                  | become a bat while bloodless. [Vampire growth]
   784 | D:1      | Reached XP level 3. HP: 23/27 MP: 3/3
  2766 | D:3      | Found a burning altar of Makhleb.
  2771 | D:3      | Found a snail-covered altar of Cheibriados.
  2774 | D:3      | Found an iron altar of Okawaru.
  2780 | D:3      | Found a hide-covered altar of Uskayaw.
  2791 | D:3      | Reached XP level 4. HP: 31/34 MP: 4/4
  3549 | D:4      | Noticed a phantom
  3566 | D:4      | Killed a phantom
  3567 | D:4      | Reached XP level 5. HP: 35/41 MP: 5/5
  3777 | D:4      | Found Mulizag's CLEARANCE SALE!.
  4262 | D:4      | Identified the +3 leather armour "Hirerr" {rC+ Regen+
                  | Slay+3 SInv}
  4312 | D:5      | Entered Level 5 of the Dungeon
  4362 | D:5      | Reached skill level 5 in Dodging
  4370 | D:5      | Reached XP level 6. HP: 44/47 MP: 6/6
  4393 | D:5      | Found Ycahun's General Store.
  4400 | D:5      | Bought a +0 scimitar of draining for 110 gold pieces
  4492 | D:5      | Noticed a water moccasin
  4510 | D:5      | Killed a water moccasin
  4562 | D:5      | Reached skill level 5 in Long Blades
  4681 | D:5      | Found a runed translucent door.
  4699 | D:5      | Noticed horus123's ghost (novice DsGl)
  4714 | D:5      | Reached XP level 7. HP: 51/54 MP: 7/7
  5096 | D:5      | Found an ancient bone altar of Kikubaaqudgha.
  5096 | D:5      | Found a sacrificial altar of Ru.
  5104 | D:5      | Became a worshipper of Kikubaaqudgha
  5294 | D:6      | Reached skill level 1 in Necromancy
  5335 | D:6      | Found a large runed translucent door.
  5335 | D:6      | Found a large runed translucent door.
  5338 | D:6      | Noticed spaghetti's ghost (amateur DsHu)
  5351 | D:6      | Learned a level 4 spell: Animate Dead
  5374 | D:6      | Reached skill level 1 in Spellcasting
  5374 | D:6      | Reached skill level 2 in Necromancy
  5439 | D:6      | Reached XP level 8. HP: 61/61 MP: 8/10
  5497 | D:6      | Reached skill level 3 in Necromancy
  5664 | D:6      | Reached skill level 5 in Fighting
  5717 | D:6      | Found a staircase to the Ecumenical Temple.
  5762 | D:6      | Reached skill level 4 in Necromancy
  5975 | D:6      | Reached * piety under Kikubaaqudgha
  5975 | D:6      | Received a gift from Kikubaaqudgha
  5980 | D:6      | Learned a level 3 spell: Vampiric Draining
  5985 | D:6      | Learned a level 4 spell: Dispel Undead
  6406 | D:7      | Found a runed translucent door.
  6407 | D:7      | Noticed Crazy Yiuf
  6458 | D:7      | Reached skill level 5 in Necromancy
  6541 | D:7      | Found a sparkling altar of Nemelex Xobeh.
  6674 | D:7      | Reached XP level 9. HP: 64/68 MP: 13/13
  6968 | D:7      | Killed Crazy Yiuf
  7014 | D:7      | Identified the +3 mace of Ru's Displeasure {venom, rElec
                  | rPois rN+ Dex+5}
  7058 | D:8      | Found a staircase to the Lair.
  7058 | D:8      | Noticed a troll
  7087 | D:7      | Killed a troll
  7088 | D:7      | Reached skill level 6 in Necromancy
  7104 | D:7      | Reached ** piety under Kikubaaqudgha
  7217 | D:8      | Found a shadowy altar of Dithmenos.
  7528 | D:8      | Reached skill level 7 in Necromancy
  7759 | D:8      | Noticed Grum
  7788 | D:8      | Killed Grum
  7938 | D:8      | Reached XP level 10. HP: 67/77 MP: 16/16
  8095 | D:8      | Found a bloodstained altar of Trog.
  8213 | D:9      | Reached *** piety under Kikubaaqudgha
  8213 | D:9      | Received a gift from Kikubaaqudgha
  8328 | D:9      | Reached skill level 8 in Necromancy
  8521 | D:9      | Found a staircase to the Orcish Mines.
  8537 | D:9      | Noticed Joseph
  8553 | D:9      | Reached skill level 5 in Spellcasting
  8554 | D:9      | Noticed a two-headed ogre
  8564 | D:9      | Killed Joseph
  8566 | D:9      | Noticed a soul eater
  8575 | D:9      | Reached skill level 9 in Necromancy
  8623 | D:9      | Killed a two-headed ogre
  9011 | D:9      | Reached XP level 11. HP: 82/84 MP: 19/19
  9269 | D:10     | Entered Level 10 of the Dungeon
  9397 | D:10     | Reached **** piety under Kikubaaqudgha
  9648 | D:10     | Noticed a two-headed ogre
  9717 | D:10     | Found a transporter.
  9718 | D:10     | Noticed a wizard
  9731 | D:10     | Noticed a3don's ghost (journeyman DrEE)
  9732 | D:10     | Noticed an oklob plant
  9747 | D:10     | Found a transporter.
  9771 | D:10     | Noticed a death knight
  9815 | D:10     | Noticed a necromancer
  9823 | D:10     | Killed a necromancer
 10219 | D:5      | Killed horus123's ghost
 10220 | D:5      | Reached skill level 10 in Necromancy
 10284 | D:6      | Killed spaghetti's ghost
 10405 | D:11     | Noticed Maurice
 10421 | D:11     | Killed Maurice
 10541 | D:11     | Learned a level 6 spell: Death Channel
 10546 | D:11     | Learned a level 4 spell: Anguish
 10556 | D:11     | Noticed a two-headed ogre
 10569 | D:11     | Killed a two-headed ogre
 10570 | D:11     | Reached skill level 1 in Hexes
 10716 | D:11     | Reached ***** piety under Kikubaaqudgha
 10717 | D:11     | Reached skill level 1 in Armour
 10720 | D:11     | Noticed Fannar
 10725 | D:11     | Noticed a four-headed hydra
 10740 | D:11     | Killed a four-headed hydra
 10757 | D:11     | Killed Fannar
 10916 | D:11     | Reached skill level 10 in Dodging
 10982 | D:11     | Noticed Sonja
 10983 | D:11     | Noticed Harold
 10994 | D:11     | Killed Sonja
 10995 | D:11     | Reached skill level 11 in Necromancy
 10995 | D:11     | Reached XP level 12. HP: 49/92 MP: 5/21
 11016 | D:11     | Killed Harold
 11351 | Lair:1   | Entered Level 1 of the Lair of Beasts
 12711 | Lair:2   | Found a hole to the Spider Nest.
 12811 | Lair:2   | Noticed a four-headed hydra
 12826 | Lair:2   | Killed a four-headed hydra
 12914 | Lair:2   | Found a sacrificial altar of Ru.
 12974 | Lair:2   | Reached skill level 5 in Hexes
 13169 | Lair:2   | Found a runed translucent gate.
 13172 | Lair:2   | Found a runed translucent gate.
 13173 | Lair:2   | Found a runed translucent gate.
 13173 | Lair:2   | Noticed freelancePsychic's ghost (journeyman DsNe)
 13272 | Lair:2   | Found a staircase to the Swamp.
 13400 | Lair:2   | Noticed a four-headed hydra
 13440 | Lair:2   | Killed a four-headed hydra
 13566 | Lair:2   | Noticed a five-headed hydra
 13610 | Lair:2   | Killed a five-headed hydra
 14363 | Lair:3   | Reached skill level 10 in Long Blades
 14516 | Lair:3   | You fall into a shaft and drop 2 floors!
 14539 | Lair:5   | Noticed a seven-headed hydra
 14555 | Lair:5   | Killed a seven-headed hydra
 14556 | Lair:5   | Reached XP level 13. HP: 91/100 MP: 15/24
 14613 | Lair:5   | Reached skill level 12 in Necromancy
 15078 | Lair:5   | Found a staircase to the Slime Pits.
 15079 | Lair:5   | Found a viscous altar of Jiyva.
 15431 | Lair:4   | Learned a level 6 spell: Simulacrum
 15806 | Lair:4   | Reached ****** piety under Kikubaaqudgha
 15821 | Lair:4   | Received a gift from Kikubaaqudgha
 15924 | Lair:4   | Found a runed translucent door.
 15924 | Lair:4   | Found the +3 hat of Pondering {ponderous, Will+ MP+10
                  | Int+5}
 16324 | Lair:4   | Noticed a quicksilver ooze
 16352 | Lair:4   | Killed a quicksilver ooze
 16475 | Lair:4   | Identified the +1 robe of Foolhardiness {Dex+2}
 16674 | Lair:4   | Identified the +3 whip of Soumm {venom, *Slow rPois rCorr
                  | Int+2}
 16697 | Lair:4   | Found a runed translucent gate.
 16697 | Lair:4   | Found a runed translucent gate.
 16697 | Lair:4   | Found a runed translucent gate.
 16697 | Lair:4   | Found a runed translucent gate.
 16698 | Lair:4   | Found a runed translucent gate.
 16699 | Lair:4   | Found a runed translucent gate.
 17237 | Lair:6   | Entered Level 6 of the Lair of Beasts
 17372 | Lair:6   | Reached skill level 5 in Armour
 17400 | Lair:6   | Found a dark tunnel.
 17408 | Volcano  | Entered a volcano
 17780 | Volcano  | Reached XP level 14. HP: 108/109 MP: 26/26
 18009 | Lair:6   | Reached skill level 10 in Fighting
 18024 | Lair:6   | Reached skill level 13 in Necromancy
 18481 | Lair:6   | Found a corrupted altar of Lugonu.
 18481 | Lair:6   | Found a one-way gate to the infinite horrors of the Abyss.
 18485 | Lair:6   | Identified the +7 scale mail "Keilauc" {MP+9}
 19622 | D:12     | Found a gate leading to a gauntlet.
 19646 | D:12     | Found a flickering gateway to a bazaar.
 19652 | Bazaar   | Entered a bazaar
 19652 | Bazaar   | Found Qirphone's Antique Armour Emporium.
 19658 | Bazaar   | Found Nyphaeci's Antique Weapon Shoppe.
 19671 | Bazaar   | Found Pejealor's Armour Shoppe.
 19679 | Bazaar   | Bought a +0 pair of boots of stealth for 103 gold pieces
 19679 | Bazaar   | Bought a +1 buckler of positive energy for 121 gold pieces
 19735 | Bazaar   | Found Ecaoz's Magic Scroll Shoppe.
 19743 | Bazaar   | Bought a scroll of vulnerability for 67 gold pieces
 19743 | Bazaar   | Bought a scroll of identify for 18 gold pieces
 19743 | Bazaar   | Bought a scroll of identify for 18 gold pieces
 19743 | Bazaar   | Bought a scroll of teleportation for 27 gold pieces
 19743 | Bazaar   | Bought a scroll of identify for 18 gold pieces
 19743 | Bazaar   | Bought a scroll of teleportation for 27 gold pieces
 19776 | Gauntlet | Entered a Gauntlet
 19776 | Gauntlet | Found a transporter.
 19779 | Gauntlet | Found a transporter.
 19796 | Gauntlet | Found a transporter.
 19799 | Gauntlet | Found a transporter.
 19819 | Gauntlet | Found a transporter.
 19832 | Gauntlet | Found a transporter.
 19837 | Gauntlet | Found a transporter.
 19841 | Gauntlet | Found a transporter.
 19869 | Gauntlet | Found a transporter.
 19870 | Gauntlet | Found a transporter.
 19874 | Gauntlet | Found a transporter.
 19889 | Gauntlet | Found a transporter.
 20085 | Gauntlet | Identified the amulet "Izxaim" {Spirit Will+}
 20880 | D:13     | Reached XP level 15. HP: 115/117 MP: 28/28
 20990 | D:13     | Noticed Frances
 21544 | D:10     | Identified the +4 scale mail of Impermeability {Stlth+}
 21557 | D:10     | Killed a3don's ghost
 21590 | D:10     | Got Sif Muna's Collected Works on Feathers
 21695 | Orc:1    | Entered Level 1 of the Orcish Mines
 21893 | Orc:2    | Entered Level 2 of the Orcish Mines
 22126 | Orc:2    | Found Lokewawi's Firing Range.
 22170 | Orc:2    | Reached skill level 14 in Necromancy
 22176 | Orc:2    | Found a staircase to the Elven Halls.
 22198 | Orc:2    | Reached skill level 10 in Spellcasting
 22210 | Orc:2    | Found Buruep's Jewellery Boutique.
 22210 | Orc:2    | Found Lusois's Armour Emporium.
 22222 | Orc:2    | Found Zoneg's Antique Weapon Shoppe.
 22222 | Orc:2    | Found Ynkukku's Armour Boutique.
 22295 | Orc:2    | Bought the +4 shadow dragon scales "Ickeboo" {*Corrode
                  | rPois Regen+ Dex+3 Stlth++++} for 1299 gold pieces
 22316 | Orc:2    | Learned a level 7 spell: Haunt
 22319 | Orc:2    | Bought a runed scimitar for 196 gold pieces
 22671 | Orc:1    | Noticed Amaemon
 22973 | Orc:1    | Killed Amaemon
 22985 | Orc:1    | Noticed Pooter's ghost (journeyman MiBe)
 23079 | Orc:1    | Found a runed translucent gate.
 23079 | Orc:1    | Found a runed translucent gate.
 23080 | Orc:1    | Found a runed translucent gate.
 23080 | Orc:1    | Noticed an orc warlord
 23419 | Orc:1    | Killed Pooter's ghost
 23483 | Orc:1    | Killed an orc warlord
 23614 | Orc:2    | Bought a +2 cloak of willpower for 258 gold pieces
 24593 | D:14     | Found a gate to the Vaults.
 25240 | D:15     | Entered Level 15 of the Dungeon
 25258 | D:15     | Reached skill level 15 in Necromancy
 25291 | D:15     | Reached skill level 1 in Ice Magic
 25514 | D:15     | Noticed Nessos
 25644 | D:15     | Reached XP level 16. HP: 126/126 MP: 30/30
 26025 | D:15     | Killed Nessos
 26143 | D:15     | Found a staircase to the Depths.
 26679 | Swamp:1  | Entered Level 1 of the Swamp
 26998 | Swamp:1  | Identified the +0 ring mail "Tulimida" {rPois rCorr Int-3
                  | Slay+2}
 27477 | Swamp:1  | Noticed a tentacled monstrosity
 27488 | Swamp:1  | Killed a tentacled monstrosity
 27894 | Swamp:2  | Noticed a thorn hunter
 27908 | Swamp:1  | Mangled by a thorn hunter

Illustrated notes

Levels and vault maps discovered:
D:1:      dpeg_arrival_circle_labyrinth_b, layout_basic,
          shapermc_ecumenical_altar_pompeii
D:2:      layout_basic, serial_co_window_serial, co_window_corner_a,
          co_window_paths_a, co_window_of_opportunity_a, co_window_corner_a,
          co_window_corner_a, co_window_paths_c, co_window_2corner,
          co_window_of_opportunity_b, co_window_broadway_b, co_window_corner_b,
          co_window_4corner_a, co_window_4corner_b, glass_columns_c,
          glass_columns_c, kennysheep_generic_room_13
D:3:      layout_basic, nicolae_overflow_hallway_of_the_gods
D:4:      layout_basic, nrook_loot_triangle, nicolae_shop_clearance
D:5:      layout_basic, gammafunk_temple_overflow_pools,
          nicolae_tso_besieged_by_evil, hellmonk_ghost_happy_afterlife,
          serial_shops, nicolae_shop_stone
D:6:      layout_basic, minmay_temple_entry_grid, ebering_ghost_disaster_area,
          kennysheep_potato
D:7:      layout_cave_pools, nemelex_dance_club_becter, uniq_crazy_yiuf_cottage
D:8:      layout_gridville, mainiacjoe_overflow_six_doors_small,
          kennysheep_little_box, erik_lair_island, uniq_grum
D:9:      layout_long_grid, zin_scriptorium, orc_0_dummy, dk_noncrumbling_4,
          minivault_22, uniq_joseph
D:10:     layout_basic, nzn_ghost_randoct, eino_house_with_fridge
D:11:     layout_loops_ring, uniq_sonja, uniq_maurice, uniq_fannar, uniq_harold
D:12:     layout_basic, gauntlet_entry_generic, serial_shops, bzr_entry_safe,
          minivault_1
D:13:     layout_roguey, uniq_frances
D:14:     layout_roguey, skrybe_vaults_entry_preservation,
          infiniplex_staircase_hallway_doors
D:15:     grunt_enter_depths_magical_seal, layout_basic, special_room
          [special_room_mythical_zoo], serial_curves, eino_curves_04,
          eino_curves_01, eino_curves_01, uniq_nessos
Lair:1:   layout_layer_cave
Lair:2:   wad_woods_stonehenge, layout_misc_corridors, minmay_swamp_entry_worms,
          spider_nest_entry_rubble, gammafunk_ghost_split, beast_lair_carwin_11
Lair:3:   layout_regular_city, grunt_megastairs_3
Lair:4:   gammafunk_indiana_jones, layout_regular_city, serial_bayou,
          serial_bayou_lake_a, serial_bayou_pond_d, serial_bayou_lagoon_b,
          nicolae_lair_time_for_slime
Lair:5:   layout_cave_pods, slime_altar_1
Lair:6:   hellmonk_lair_end_abyssal_woods, layout_gridlike,
          lightli_volcano_entry_magma_tube
Swamp:1:  layout_basic_swamp, evilmike_swamp_ruin_wall, swamp_pool3,
          infiniplex_staircase_pool
Swamp:2:  layout_basic_swamp, portal_ice_cave_entry_ice_simulacra,
          evilmike_swamp_ruin_house_4, swamp_pool1, uniq_donald
Orc:1:    layout_diamond_mine, gammafunk_ghost_split, uniq_amaemon
Orc:2:    st_orc_ogre_mass, layout_caves, nicolae_shop_firing_range

Skill      XL: |  1  2  3  4  5  6  7  8  9 10 11 12 13 14 15 16 |
---------------+-------------------------------------------------+-----
Fighting       | 2 3 4 5 6 7 8 9 10 11 | 11.8
Dodging        | 4 5 6 7 8 9 10 11 12 13 14 | 14.0
Long Blades    | 4 5 6 7 8 9 10 11 12 | 12.9
Necromancy     | 2 5 7 9 11 12 13 15 | 15.7
Spellcasting   | 1 2 4 5 6 7 8 9 10 | 10.9
Hexes          | 3 6 7 8 |  8.8
Armour         | 2 3 5 6 7 8 |  8.1
Ice Magic      | 1 3 |  3.3
Throwing       | |  1.5

Action                   |  1- 3 |  4- 6 |  7- 9 | 10-12 | 13-15 | 16-18 || total
-------------------------+-------+-------+-------+-------+-------+-------++-------
Melee: Long sword        |   154 |    73 |       |       |       |       ||   227
       Bite              |    22 |    10 |    28 |    83 |   154 |    39 ||   336
       Punch             |       |     2 |       |       |       |       ||     2
       Scimitar          |       |    44 |   273 |   589 |  1005 |   255 ||  2166
 Cast: Vampiric Draining |       |       |    15 |   106 |   222 |   116 ||   459
       Dispel Undead     |       |       |       |    22 |    31 |    15 ||    68
       Animate Dead      |       |       |       |    20 |    85 |    13 ||   118
       Anguish           |       |       |       |    15 |    61 |    15 ||    91
       Death Channel     |       |       |       |       |    27 |       ||    27
Invok: Receive Corpses   |       |       |       |     1 |    14 |     3 ||    18
       Receive Forbidden |       |       |       |       |     1 |       ||     1
  Use: Scroll            |       |       |    11 |     8 |    16 |     1 ||    36
       Potion            |       |       |       |       |     1 |       ||     1
 Stab: Distracted        |     1 |       |       |     1 |     4 |     2 ||     8
       Sleeping          |     1 |       |       |     1 |     2 |     3 ||     7
       Petrified         |       |       |       |       |     3 |       ||     3
Armor: Leather armour    |    65 |    47 |   102 |   205 |   295 |       ||   714
       Ring mail         |       |    16 |       |       |       |       ||    16
       Shadow dragon sca |       |       |       |       |   230 |   317 ||   547
Dodge: Dodged            |   131 |    78 |   251 |   688 |  1426 |   360 ||  2934
Block: Buckler           |       |     6 |    52 |   135 |   280 |   125 ||   598

Table legend: (Time is in decaauts)
 A = Elapsed time spent in this place.
 B = Non-inter-level travel time spent in this place.
 C = Inter-level travel time spent in this place.
 D = Time resting spent in this place.
 E = Time spent auto-exploring this place.
 F = Levels seen in this place.
 G = Mean time per level.
                   A        B        C        D        E       F      G
               +--------+--------+--------+--------+--------+-----+--------+
         Total |  28698 |  26834 |   1864 |   1393 |  18106 |  28 | 1024.9 |
       Dungeon |  16113 |  14896 |   1217 |    745 |  10513 |  15 | 1074.2 |
          Lair |   8017 |   7539 |    478 |    299 |   5203 |   6 | 1336.2 |
         Swamp |   1133 |   1118 |     15 |      0 |    779 |   2 |  566.5 |
  Orcish Mines |   2332 |   2179 |    153 |    279 |   1158 |   2 | 1166.0 |
        Bazaar |    113 |    113 |      0 |      0 |     67 |   1 |  113.0 |
       Volcano |    509 |    509 |      0 |     66 |    165 |   1 |  509.0 |
      Gauntlet |    479 |    479 |      0 |      4 |    220 |   1 |  479.0 |
               +--------+--------+--------+--------+--------+-----+--------+

Top non-repeatable levels by time:
  Lair:6: 1618 daAuts
    D:10: 1497 daAuts
  Lair:2: 1464 daAuts
  Lair:1: 1429 daAuts
  Lair:4: 1335 daAuts
     D:9: 1249 daAuts
    D:15: 1249 daAuts
   Orc:2: 1248 daAuts
  Lair:5: 1241 daAuts
     D:2: 1239 daAuts
     D:1: 1190 daAuts
     D:6: 1182 daAuts
     D:8: 1148 daAuts
 Swamp:1: 1121 daAuts
     D:4: 1114 daAuts
